 Dungeon Crawl Stone Soup version 0.24.0-13-gcf9b319 (webtiles) character file.

Game seed: 9568840424796153933, levelgen mode: deterministic

23 Bronimir the Ogre Mage (level 3, 0/32 HPs)
             Began as an Ogre Wizard on Mar 31, 2020.
             Succumbed to a goblin's poison
             ... on level 2 of the Dungeon.
             The game lasted 00:02:11 (1127 turns).

Bronimir the Ogre Mage (Ogre Wizard)                Turns: 1127, Time: 00:02:12

Health: 0/32       AC:  4    Str: 12    XL:     3   Next: 0%
Magic:  7/8        EV: 10    Int: 24    God:
Gold:   78         SH:  0    Dex:  7    Spells: 3/10 levels left

rFire    . . .     SeeInvis .   l - +0 hand axe
rCold    . . .     Gourm    .   (no shield)
rNeg     . . .     Faith    .   a - +0 robe
rPois    .         Spirit   .   b - +0 hat
rElec    .         Reflect  .   i - +0 cloak
rCorr    .         Harm     .   (gloves unavailable)
MR       .....                  (boots unavailable)
Stlth    +.........             (no amulet)
HPRegen  0.10/turn              (no ring)
MPRegen  0.11/turn              (no ring)

@: brilliant, lethally poisoned (0 -> -5)
A: large, unfitting armour, tough skin 1
a: no special abilities


You were on level 2 of the Dungeon.
You were hungry.

You visited 1 branch of the dungeon, and saw 2 of its levels.

You collected 78 gold pieces.

Inventory:

Hand Weapons
 f - a +0 club
 g - a +0 whip
 l - a +0 hand axe (weapon)
Missiles
 o - 14 poisoned darts (quivered)
Armour
 a - a +0 robe (worn)
 b - a +0 hat (worn)
 i - a +0 cloak (worn)
Jewellery
 e - a cursed -2 ring of protection {unknown}
 h - an uncursed amulet of regeneration {unknown}
Scrolls
 c - a scroll of fog {unknown}
 j - a scroll of enchant weapon {unknown}
 k - a scroll of remove curse {unknown}
 m - a scroll of random uselessness {unknown}
Comestibles
 d - 2 rations


   Skills:
 + Level 0.5 Fighting
 + Level 0.1(0.2) Axes
 + Level 0.2 Maces & Flails
 + Level 1.9 Dodging
 - Level 1.4 Stealth
 * Level 4.3 Spellcasting
 * Level 1.1 Conjurations
 + Level 0.8 Summonings
 + Level 0.8 Translocations


You had 3 spell levels left.
You knew the following spells:

 Your Spells              Type           Power        Failure   Level  Hunger
a - Magic Dart            Conj           ####         1%          1    None
b - Blink                 Tloc           N/A          1%          2    None
c - Call Imp              Summ           ###.....     1%          2    None
d - Slow                  Hex            ###.....     1%          2    None

Your spell library contained the following spells:

 Spells                   Type           Power        Failure   Level  Hunger
 Conjure Flame            Conj/Fire      ###.....     2%          3    ##.....
 Mephitic Cloud           Conj/Pois/Air  ###.....     3%          3    ##.....


Dungeon Overview and Level Annotations

Branches:
Dungeon (2/15)

Altars:


Innate Abilities, Weirdness & Mutations

You are too large for most types of armour.
You have tough skin. (AC +1)


Message History

o - 14 poisoned darts (gained 1)
* * * LOW HITPOINT WARNING * * *
You feel sick.
* * * LOW HITPOINT WARNING * * *
You feel sick.
* * * LOW HITPOINT WARNING * * *
You feel sick.
You see here a poisoned dart.
* * * LOW HITPOINT WARNING * * *
You feel sick.
* * * LOW HITPOINT WARNING * * *
You feel sick.
* * * LOW HITPOINT WARNING * * *
You feel sick.
* * * LOW HITPOINT WARNING * * *
You feel sick.
* * * LOW HITPOINT WARNING * * *
You feel sick.
Your crimson imp disappears in a puff of smoke!
You die...

### ## #.. ..# ## #.#.#
#.# ... #.#.# #.#
##.##.#.######.### #######
#.....#.##....... #......
#........@.....#####.#####
#..#.............<....# ##
.....>.......#...###..# #.
.#.#.......#.#.### #..# #<
.....#.....#.#.# #..# #.
.#.#..(....#.#.# .... #.
#.#.#.......#.# .....#.
#.#.#.(...#.#.# .....#.
#+#.# #.#####.#.. ..^.#.


There were no monsters in sight!

Vanquished Creatures
  4 bats (D:1)
  3 giant cockroaches (D:1)
  5 goblins (D:1)
  2 hobgoblins (D:1)
  2 frilled lizards (D:1)
  2 kobolds (D:1)
  4 rats (D:1)
22 creatures vanquished.

Vanquished Creatures (collateral kills)
  A goblin (D:2)
1 creature vanquished.

Grand Total: 23 creatures vanquished

Notes
Turn   | Place    | Note
-------+----------+-------------------------------------------
     0 | D:1      | Bronimir the Ogre Wizard began the quest for the Orb.
     0 | D:1      | Reached XP level 1. HP: 16/16 MP: 5/5
   198 | D:1      | Reached skill level 4 in Spellcasting
   237 | D:1      | Reached XP level 2. HP: 20/24 MP: 7/7
   287 | D:1      | Learned a level 2 spell: Blink
   290 | D:1      | Learned a level 2 spell: Call Imp
   293 | D:1      | Learned a level 2 spell: Slow
   751 | D:1      | Reached skill level 1 in Conjurations
  1108 | D:2      | Reached XP level 3. HP: 16/32 MP: 5/8
  1125 | D:2      | HP: 1/32 [poisoned by a goblin]
  1127 | D:2      | Succumbed to a goblin's poison

Levels and vault maps discovered:
D:1:      wander_arrival_abandoned_jail, layout_loops_ring
D:2:      layout_basic, minmay_lizard_pond

Skill      XL: |  1  2 |
---------------+-------+-----
Spellcasting   | 4 |  4.3
Conjurations   | 1 |  1.1
Fighting       | |  0.5
Axes           | |  0.1
Maces & Flails | |  0.2
Dodging        | |  1.9
Stealth        | |  1.4
Summonings     | |  0.8
Translocations | |  0.8

Action                   || total
-------------------------++-------
Melee: Whip              ||    22
       Club              ||     3
       Hand axe          ||    46
 Cast: Magic Dart        ||    14
       Call Imp          ||     4
  Use: Potion            ||     1
Armor: Robe              ||    25
Dodge: Dodged            ||    47
